 Dungeon Crawl Stone Soup version 0.26.1-2-gb8aa6d0cf2 (webtiles) character file.

Game seed: 9018527728341078737

6 Groucho the Sneak (level 1, -2/9 HPs)
             Began as a Spriggan Enchanter on Feb 17, 2021.
             Slain by a hobgoblin
             ... wielding a +0 club
              (4 damage)
             ... on level 1 of the Dungeon.
             The game lasted 00:01:52 (814 turns).

Groucho the Sneak (Spriggan Enchanter)               Turns: 814, Time: 00:01:52

Health: -2/9       AC:  3    Str:  4    XL:     1   Next: 75%
Magic:  5/5        EV: 18    Int: 16    God:
Gold:   48         SH:  0    Dex: 16    Spells: 4/5 levels left

rFire    . . .     SeeInvis +   a - +1 dagger
rCold    . . .     Faith    .   (shield restricted)
rNeg     . . .     Spirit   .   b - +0 robe
rPois    .         Reflect  .   (helmet restricted)
rElec    .         Harm     .   i - +0 cloak
rCorr    .         Rampage  .   (gloves unavailable)
Will     .....                  (boots unavailable)
Stlth    +++.......             (no amulet)
HPRegen  0.03/turn              (no ring)
MPRegen  0.09/turn              (no ring)

@: very quick
A: very small, unfitting armour, see invisible, speed 3
a: no special abilities


You were on level 1 of the Dungeon.
You visited 1 branch of the dungeon, and saw 2 of its levels.

You collected 48 gold pieces.

Inventory:

Hand Weapons
 a - a +1 dagger (weapon)
Missiles
 f - 12 poisoned darts (quivered)
Armour
 b - a +0 robe (worn)
 d - a +2 buckler
 i - a +0 cloak (worn)
Scrolls
 c - a scroll of fog {unknown}
 e - 3 scrolls of blinking {unknown}
 g - a scroll of teleportation {unknown}
 k - 2 scrolls of remove curse {unknown}
Potions
 h - a potion of curing {unknown}
 j - a potion of flight {unknown}


   Skills:
 + Level 1.2 Short Blades
 + Level 0.1 Throwing
 * Level 3.1 Dodging
 * Level 4.5 Stealth
 * Level 2.8 Spellcasting
 * Level 3.7 Hexes


You had 4 spell levels left.
You knew the following spells:

 Your Spells              Type           Power        Failure   Level
a - Corona                Hex            15%          4%          1

Your spell library contained the following spells:

 Spells                   Type           Power        Failure   Level
 Confusing Touch          Hex            14%          12%         3
 Tukima's Dance           Hex            14%          12%         3
 Ensorcelled Hibernation  Hex/Ice        16%          13%         2
 Dazzling Flash           Conj/Hex       16%          26%         3


Dungeon Overview and Level Annotations

Branches:
Dungeon (2/15)

Altars:


Innate Abilities, Weirdness & Mutations

You are very small and have problems with some larger weapons.
You are too small for most types of armour.
You have supernaturally acute eyesight. (SInv)
You cover ground extremely quickly.


Message History

You climb downwards.
A hobgoblin and 2 kobolds come into view.
A kobold is wielding a +1 short sword of venom.
The hobgoblin shouts!
The kobold shouts!
Found a mace and 13 gold pieces.
There is a stone staircase leading up here.
A rat comes into view.
The kobold misses you.
You climb upwards.
There is a stone staircase leading down here.
You hit the hobgoblin.
The hobgoblin is lightly wounded.
The hobgoblin hits you with a +0 club!
Ouch! That really hurt!
* * * LOW HITPOINT WARNING * * *
The kobold barely misses you.
You hit the hobgoblin.
The hobgoblin is heavily wounded.
The hobgoblin hits you with a +0 club.
You die...

##..##...# ###.## #..#.....##
#........## ###....# #.........##
....##....###..###.###..........#
.<.#####...#..###..#.#..........[
...## ###...##...###...........#
##..####.........## ####.......##
##...#.....###### ##.....##
####.....####.####### #.....##
..######## #..g@K..# #...### ###
#.(####.# #...# # #######
#..####.# #...# # #.....#
#....##.####...###### #
#.....######.#.##.............# #
#..........#................... #
#.....####.#..................#
###.....# #.##..#######...######
(######## #.##..## #...####


You could see a hobgoblin and a kobold.

Vanquished Creatures
  A giant cockroach (D:1)
  4 bats (D:1)
  A kobold (D:1)
  A rat (D:1)
7 creatures vanquished.

Notes
Turn   | Place    | Note
-------+----------+-------------------------------------------
     0 | D:1      | Groucho the Spriggan Enchanter began the quest for the Orb.
     0 | D:1      | Reached XP level 1. HP: 9/9 MP: 5/5
   814 | D:1      | Slain by a hobgoblin

Illustrated notes

Levels and vault maps discovered:
D:1:      dpeg_arrival_round_c, layout_loops_cross
D:2:      layout_rooms, okawaru_gym_becter

Action                   || total
-------------------------++-------
Melee: Dagger            ||    29
Throw: Dart              ||     5
 Cast: Corona            ||     1
 Stab: Sleeping          ||     2
Armor: Robe              ||    12
Dodge: Dodged            ||    31
